Map: [ESL] Site Delta

Players

Scarlett - Winner!

  • Race: Zerg Zerg
  • Spawn Location: 5:00

DisK

  • Race: Protoss Protoss
  • Spawn Location: 11:00

Event: ESL SC2 Masters 2023 Winter (Regional)

VOD

Have the link to the VOD?

Description

Time

  • Played on: Nov. 1, 2023, 3:42 p.m.
  • Length: 10:12

All games in this series

Show
View Real Time Build Order
Export as new Build Order

Scarlett Zerg - Winner!

Build Orders: Hatch First 

Get SALT Encoding   

  12  0:00  Drone  
  13  0:12  Overlord  
  13  0:16  Drone  
  14  0:30  Drone x2  
  16  0:46  Hatchery  
  15  0:50  Drone  
  15  0:54  Drone  
  17  0:57  Drone  
  18  1:08  Extractor  
  17  1:12  Spawning Pool  
  17  1:15  Drone  
  17  1:19  Drone  
  18  1:27  Drone  
  19  1:39  Drone  
  20  1:50  Drone  
  21  1:59  Queen x2  
  21  2:00  Zergling x2, Overlord  
  26  2:09  Drone  
  26  2:11  Drone  
  28  2:18  Metabolic Boost  
  28  2:23  Drone  
  28  2:24  Drone  
  30  2:34  Hatchery  
  29  2:41  Drone  
  29  2:42  Zergling x2  
  29  2:43  Queen  
  33  2:47  Overlord  
  33  2:51  Drone  
  33  2:54  Drone x2  
  36  3:07  Drone x5  
  36  3:10  Queen  
  43  3:14  Overlord  
  43  3:21  Drone  
  44  3:38  Drone x5, Queen  
  51  3:46  Overlord  
  50  3:50  Drone x3  
  50  3:52  Spore Crawler  
  50  3:55  Queen, Evolution Chamber  
  54  3:58  Overlord  
  54  3:59  Drone x2  
  55  4:06  Queen  
  55  4:09  Spore Crawler  
  56  4:10  Drone x4  
  56  4:13  Drone x2  
  62  4:20  Zergling x10  
  62  4:24  Zerg Melee Weapons Level 1  
  67  4:26  Overlord  
  67  4:31  Overlord  
  67  4:33  Drone x2  
  69  4:42  Drone  
  69  4:47  Drone x5, Lair  
  74  4:56  Hatchery  
  74  4:58  Drone x5  
  78  5:02  Spore Crawler  
  78  5:05  Extractor  
  78  5:06  Extractor  
  75  5:08  Drone x8  
  83  5:14  Extractor  
  83  5:18  Drone  
  83  5:19  Zergling x4  
  84  5:21  Hatchery  
  84  5:25  Overlord  
  83  5:29  Zergling x8  
  83  5:30  Extractor  
  83  5:34  Zergling x2  
  83  5:35  Zergling x6  
  90  5:36  Overlord x2  
  90  5:50  Drone x7  
  90  5:55  Drone  
  98  5:57  Hydralisk Den  
  98  5:59  Extractor  
  98  6:03  Drone x8  
  103  6:08  Overlord x3  
  103  6:15  Zergling x6  
  106  6:18  Baneling Nest  
  106  6:19  Zerg Melee Weapons Level 2  
  106  6:22  Overlord  
  106  6:23  Zergling x6  
  108  6:27  Grooved Spines  
  108  6:30  Hydralisk x4  
  115  6:36  Overseer  
  115  6:39  Drone x7  
  122  6:49  Overlord  
  122  6:50  Hydralisk x5  
  132  6:56  Hydralisk x4  
  132  6:59  Zergling x4  
  142  7:04  Hydralisk x2  
  142  7:05  Hydralisk  
  147  7:20  Hydralisk x8  
  147  7:21  Zergling x2  
  149  7:25  Zergling x2, Muscular Augments  
  149  7:26  Zergling x6  
  149  7:28  Zergling x2  
  149  7:29  Zergling x6  
  144  7:31  Zergling x6  
  144  7:32  Zergling x2  
  144  7:34  Zergling x4  
  144  7:36  Zergling x4  
  140  7:38  Zergling x2  
  140  7:43  Zergling x10  
  136  7:46  Zergling x6  
  136  7:48  Zergling x4  
  126  7:52  Zergling x2  
  126  7:53  Zergling x2  
  126  7:54  Hydralisk  
  126  7:55  Hydralisk x3  
  128  7:59  Hydralisk x2  
  128  8:04  Hydralisk x2  
  128  8:05  Burrow, Queen  
  137  8:09  Hydralisk x2  
  137  8:12  Hydralisk  
  141  8:14  Hydralisk x3  
  144  8:20  Zergling x8  
  144  8:27  Hydralisk, Centrifugal Hooks  
  146  8:28  Zergling x2  
  146  8:29  Overlord x3  
  149  8:34  Overlord x3  
  149  8:41  Overseer  
  149  8:52  Zergling x16  
  149  8:53  Queen  
  149  8:54  Hydralisk x3, Queen  
  167  8:58  Overlord  
  167  9:05  Hydralisk x4  
  174  9:10  Zergling x2  
  174  9:15  Baneling x15  
  174  9:16  Baneling  
  175  9:17  Zergling x8  
  175  9:22  Baneling x4  
  175  9:23  Zergling x8  
  177  9:26  Baneling  
  177  9:27  Zergling x2, Baneling x2  
  177  9:28  Zergling x4  
  179  9:33  Zergling x4  
  174  9:39  Zergling x6  
  174  9:42  Hydralisk x2  
Show
View Real Time Build Order
Export as new Build Order

DisK Protoss 

Build Orders: 1 Gate Expand, Oracle Opening 

Get SALT Encoding   

  12  0:00  Probe  
  13  0:12  Probe  
  14  0:19  Pylon  
  14  0:24  Probe  
  15  0:37  Probe (Chrono Boost)  
  15  0:39  Gateway  
  16  0:47  Assimilator, Probe (Chrono Boost)  
  17  0:52  Probe (Chrono Boost)  
  18  1:03  Probe  
  19  1:16  Probe  
  20  1:23  Nexus  
  20  1:33  Cybernetics Core  
  20  1:36  Probe  
  21  1:41  Assimilator  
  21  1:48  Probe  
  21  1:51  Pylon  
  22  2:00  Probe (Chrono Boost)  
  23  2:07  Adept (Chrono Boost)  
  23  2:09  Warp Gate  
  23  2:12  Probe (Chrono Boost)  
  26  2:21  Probe (Chrono Boost)  
  27  2:24  Stargate  
  27  2:28  Probe (Chrono Boost)  
  28  2:32  Stalker  
  28  2:35  Probe (Chrono Boost)  
  33  2:45  Probe x2 (Chrono Boost)  
  33  2:50  Probe (Chrono Boost)  
  33  2:51  Probe  
  35  3:02  Probe  
  35  3:04  Probe  
  37  3:05  Oracle (Chrono Boost)  
  37  3:07  Gateway  
  40  3:14  Probe  
  40  3:16  Pylon, Probe  
  42  3:26  Probe  
  43  3:28  Probe  
  44  3:35  Oracle  
  44  3:38  Probe  
  44  3:40  Probe  
  49  3:49  Nexus  
  49  3:50  Probe  
  49  3:51  Pylon  
  50  3:57  Probe  
  50  4:00  Assimilator  
  51  4:03  Assimilator, Probe  
  51  4:09  Probe  
  53  4:10  Twilight Council  
  53  4:13  Forge  
  53  4:15  Probe (Chrono Boost)  
  54  4:18  Shield Battery  
  55  4:25  Probe (Chrono Boost)  
  55  4:27  Probe (Chrono Boost)  
  55  4:28  Protoss Ground Weapons Level 1  
  55  4:29  Adept, Pylon  
  58  4:34  Probe (Chrono Boost)  
  58  4:36  Probe (Chrono Boost)  
  60  4:39  Sentry  
  60  4:45  Gateway  
  62  4:47  Blink (Chrono Boost), Probe x2  
  62  4:48  Gateway  
  64  4:55  Sentry  
  68  5:01  Probe x2 (Chrono Boost)  
  68  5:06  Probe (Chrono Boost)  
  69  5:12  Pylon  
  71  5:16  Probe x3 (Chrono Boost)  
  71  5:20  Sentry x2, Probe (Chrono Boost)  
  76  5:23  Probe x2  
  76  5:27  Robotics Facility  
  79  5:29  Pylon  
  79  5:32  Probe  
  79  5:34  Assimilator x2  
  79  5:35  Probe x2  
  82  5:39  Gateway  
  82  5:44  Probe, Stalker x2  
  82  5:47  Gateway, Probe x2  
  88  5:50  Gateway  
  88  5:53  Gateway  
  88  5:56  Probe  
  89  5:59  Probe  
  89  6:02  Pylon  
  89  6:03  Pylon  
  90  6:04  Probe  
  90  6:07  Sentry x4  
  99  6:12  Pylon  
  99  6:14  Warp Prism (Chrono Boost)  
  101  6:24  Pylon  
  98  6:31  Stalker x3  
  104  6:36  Stalker x2  
  108  6:40  Pylon  
  108  6:42  Stalker  
  108  6:46  Observer  
  111  6:50  Protoss Ground Weapons Level 2 (Chrono Boost)  
  111  6:51  Stalker  
  111  6:52  Stalker  
  115  6:57  Pylon  
  115  7:05  Stalker x6  
  120  7:27  Stalker x2  
  120  7:28  Stalker x6  
  114  7:50  Nexus  
  98  7:59  Stalker x5  
  98  8:00  Stalker x3  
  112  8:06  Pylon  
  110  8:16  Charge (Chrono Boost)  
  108  8:26  Stalker x7  
  108  8:27  Stalker  
  119  8:35  Gateway  
  119  8:36  Gateway, Probe x3  
  119  8:40  Shield Battery  
  122  8:50  Templar Archives  
  122  8:52  Probe  
  122  8:53  Probe x2  
  125  8:59  Stalker x3  
  125  9:00  Stalker  
  133  9:03  Zealot  
  133  9:04  Zealot, Probe  
  136  9:11  Probe x3  
  136  9:17  Probe  
  140  9:22  Pylon  
  138  9:26  High Templar x4  
  138  9:27  Zealot x4  
  138  9:30  Archon x2  
  153  9:32  Stalker  
  153  9:33  Shield Battery  
  150  9:44  Zealot  
  129  9:49  Zealot  
  129  9:50  Zealot x3  
  117  9:59  Zealot x5  
  84  10:07  Zealot  
Tags
 
Add a new tag
Caveats
  • Supply blocks, unpowered buildings, or Contaminate may cause inaccurate times.
  • Supply counts are checked every 10 seconds.